 Dungeon Crawl Stone Soup version 0.30.1-4-g462c640d31 (webtiles) character file.

Game seed: 10026300953028280412

55 Amplified the Sneak (level 3, -3/27 (30) HPs)
             Began as a Demonspawn Delver on Sept 12, 2023.
             Was an Initiate of Gozag.
             Frozen to death by an endoplasm (5 damage)
             ... in a sewer.
             The game lasted 00:02:17 (379 turns).

Amplified the Sneak (Demonspawn Delver)              Turns: 379, Time: 00:02:18

HP:   -3/27 (30)    AC:  6    Str: 14    XL:     3   Next: 67%
MP:   3/3           EV:  9    Int: 13    God:    Gozag
Gold: 49            SH:  0    Dex: 14    Spells: 2/2 levels left

rFire   . . .        d - +0 quarterstaff
rCold   . . .        (shield currently unavailable)
rNeg    . . .        h - +0 scale mail
rPois   .            (helmet restricted)
rElec   .            (no cloak)
rCorr   .            (no gloves)
SInv    .            (no boots)
Will    .....        (no amulet)
Stlth   +            (no ring)
HPRegen 0.24/turn    (no ring)
MPRegen 0.08/turn

%: no passive effects
@: lethally poisoned (-3 -> -5), heavily drained
A: antennae 1, big brain 1
a: Renounce Religion, Potion Petition, Call Merchant, Bribe Branch


You were in a sewer.
You worshipped Gozag.
Gozag was noncommittal.
You visited 2 branches of the dungeon, and saw 3 of its levels.
You also visited: Sewer.

You collected 61 gold pieces.
You paid 12 gold pieces to Gozag.

Inventory:

Hand Weapons
 a - a +0 falchion
 d - a +0 quarterstaff (weapon)
Armour
 b - a +0 leather armour
 h - a +0 scale mail (worn)
Wands
 g - a wand of digging (1)
Scrolls
 c - a scroll of fog


   Skills:
 * Level 3.9 Fighting
 - Level 1.7 Long Blades
 * Level 2.0 Staves
 - Level 1.7 Dodging
 - Level 4.5 Stealth


You had 2 spell levels left.
You didn't know any spells.
Your spell library was empty.

Dungeon Overview and Level Annotations

Branches:
Dungeon (5/15)             Temple (1/1) D:5           Sewer (1/1)

Altars:
Ashenzari
Cheibriados
Dithmenos
Fedhas
Gozag
Hepliaklqana
Kikubaaqudgha
Okawaru
Qazlal
Sif Muna
Trog
Vehumet
Wu Jian
Yredelemnul

Shops:
D:5 =


Innate Abilities, Weirdness & Mutations

You have a pair of small antennae on your head.
You have an unusually large brain. (Int +2)


Message History

The adder misses you.
Unknown command.
Unknown command.
The rat attacks as you move away! The rat bites you.
You feel very sick. The adder barely misses you.
The adder bites you but does no damage. x2
An orc priest comes into view. It is wielding a +0 short sword.
The adder bites you but does no damage.
There is a glowing drain here.
You feel sick. The adder completely misses you. The rat barely misses you.
The adder bites you.
* * * LOW HITPOINT WARNING * * *
You are more poisoned.
The adder poisons you! The adder bites you.
* * * LOW HITPOINT WARNING * * *
The world spins around you as you enter the gateway.
You enter a sewer!
* * * LOW HITPOINT WARNING * * *
You feel sick.
Found a gate leading back out of this place.
There is an empty arch of ancient stone here.
Unknown command.
* * * LOW HITPOINT WARNING * * *
You feel sick.
* * * LOW HITPOINT WARNING * * *
You feel sick.
The endoplasm quivers.
You aren't carrying any potions.
Unknown command.
Okay, then.
Okay, then.
Okay, then.
* * * LOW HITPOINT WARNING * * *
You feel sick.
* * * LOW HITPOINT WARNING * * *
You feel sick. The endoplasm freezes you.
You are frozen.
You die...
Your body crumbles into a pile of gold.

##
##∩#
#~.#
##.~#
#..##
#@.#
#J~#
#.##
.~#
~~#
#..#
#~~#
#~~#
$


You could see an endoplasm.

Vanquished Creatures
  A hound (D:5)
  An adder (D:5)
  A shadow imp (D:5)
  A dart slug (D:5)
  2 jackals (D:5)
6 creatures vanquished.

Notes
Turn   | Place    | Note
-------+----------+-------------------------------------------
     0 | D:5      | Amplified the Demonspawn Delver began the quest for the
                  | Orb.
     0 | D:5      | Reached XP level 1. HP: 18/18 MP: 1/1
     5 | D:5      | Found a staircase to the Ecumenical Temple.
    36 | Temple   | Entered the Ecumenical Temple
   131 | Temple   | Became a worshipper of Gozag Ym Sagoz the Greedy
   289 | D:5      | Noticed a hound
   298 | D:5      | Killed a hound
   299 | D:5      | Reached skill level 1 in Staves
   299 | D:5      | Gained mutation: You have an unusually large brain. (Int
                  | +2) [demonic ancestry]
   299 | D:5      | Reached XP level 2. HP: 23/25 MP: 2/2
   299 | D:5      | Gained mutation: You have a pair of small antennae on your
                  | head. [demonic ancestry]
   299 | D:5      | Reached XP level 3. HP: 28/30 MP: 3/3
   313 | D:5      | Noticed a black bear
   335 | D:5      | Found Nokidoe's Jewellery Shop.
   361 | D:5      | Found a glowing drain.
   375 | Sewer    | Entered a sewer
   379 | Sewer    | Frozen to death by an endoplasm

Illustrated notes

Levels and vault maps discovered:
D:4:      layout_rooms, gammafunk_temple_overflow_elements,
          lightli_temple_of_fire, serial_shops, shop, shop, shop, shop, shop,
          gammafunk_ghost_mausoleum, kennysheep_generic_room_12
D:5:      layout_cave_pools, minmay_temple_entry_hall, gup_sewer_entry_bubbles,
          serial_shops, nicolae_inconvenience_store
Temple:   minmay_temple_bridge_d
Sewer:    sewer_frog_island_02

Skill      XL: |  1  2  3 |
---------------+----------+-----
Staves         | 1 2 |  2.0
Fighting       | |  3.9
Long Blades    | |  1.7
Dodging        | |  1.7
Stealth        | |  4.5

Action                     || total
---------------------------++-------
  Melee: Quarterstaff      ||    34
  Evoke: Wand              ||     2
    Use: Scroll            ||     2
         Potion            ||     1
 Armour: Leather armour    ||     7
         Scale mail        ||    20
  Dodge: Dodged            ||    31
